 Dungeon Crawl Stone Soup version 0.29-a0-82-g837932c90e (webtiles) character file.

Game seed: 10997882508593651265

76559 fragbeetle the Severer (level 15, -9/110 HPs)
             Began as a Hill Orc Cinder Acolyte on Feb 4, 2022.
             Was a Believer of Makhleb.
             Mangled by a skeletal warrior (19 damage)
             ... led by a skeletal warrior
             ... on level 13 of the Dungeon on Feb 5, 2022.
             The game lasted 01:59:16 (38145 turns).

fragbeetle the Severer (Hill Orc Cinder Acolyte)   Turns: 38145, Time: 01:59:17

Health: -9/110     AC: 16    Str: 25    XL:     15   Next: 53%
Magic:  8/23       EV: 11    Int: 21    God:    Makhleb [**....]
Gold:   248        SH:  0    Dex:  6    Spells: 5/25 levels left

rFire   . . .      SeeInvis +   a - +6 battleaxe (drain)
rCold   + . .      Faith    .   (shield currently unavailable)
rNeg    + . .      Spirit   .   z - +2 steam dragon scales
rPois   +          Reflect  .   n - +2 hat {Int+3}
rElec   +          Harm     .   D - +2 cloak
rCorr   +          Rampage  .   e - +0 pair of gloves
Will    +....                   (no boots)
Stlth   +++.......              (no amulet)
HPRegen 0.28/turn               l - ring of see invisible
MPRegen 0.18/turn               m - ring of Zaen Heas {rElec rPois rC+ rN+ rCorr Str+4}

@: fire susceptible
A: no striking features
a: Renounce Religion, Minor Destruction


You were on level 13 of the Dungeon.
You worshipped Makhleb.
Makhleb was pleased with you.
You visited 4 branches of the dungeon, and saw 22 of its levels.
You also visited: Sewer, Bailey and Ice Cave.

You collected 3124 gold pieces.
You spent 2876 gold pieces at shops.

Inventory:

Hand Weapons
 a - a +6 battleaxe of draining (weapon)
 b - the +6 arbalest "Damnation" {damnation}
   (You bought it in a shop on level 7 of the Dungeon)

   Any ammunition fired from it explodes in a burst of damnation on striking a
   foe, dealing damage which bypasses armour.
 r - the +8 trident of Ovevur {flame, Drain rPois Str+3}
   (You found it on level 12 of the Dungeon)

   It burns those it strikes, dealing additional fire damage.
   Str:       It affects your strength (+3).
   rPois:     It protects you from poison.
   Drain:     It drains your maximum health when unequipped.
 R - a +1 hand axe of flaming
Missiles
 c - 23 poisoned darts
 i - 12 boomerangs (quivered)
 o - a throwing net
 w - a curare-tipped dart
 A - 99 bolts
 B - 3 boomerangs of dispersal
 Z - 4 silver javelins
Armour
 e - a +0 pair of gloves (worn)
 k - a +0 troll leather armour
 n - a +2 hat of intelligence (worn)
 z - +2 steam dragon scales (worn)
 D - a +2 cloak (worn)
Jewellery
 g - a +4 ring of evasion
 l - a ring of see invisible (left hand)
 m - the ring of Zaen Heas (right hand) {rElec rPois rC+ rN+ rCorr Str+4}
   (You found it in an ice cave)

   [ring of protection from cold]

   Str:       It affects your strength (+4).
   rC:        It protects you from cold.
   rElec:     It insulates you from electricity.
   rPois:     It protects you from poison.
   rN:        It protects you from negative energy.
   rCorr:     It protects you from acid and corrosion.
 C - the ring "Doha" {Fly Int+3 Dex+2}
   (You bought it in a shop on level 2 of the Orcish Mines)

   [ring of flight]

   Int:       It affects your intelligence (+3).
   Dex:       It affects your dexterity (+2).
   Fly:       It grants you flight.
 E - a +6 ring of strength
 W - the ring "Ruhinecs" {Wiz rPois rN+ Int+2}
   (You found it in a bailey)

   [ring of wizardry]

   It improves your spell success rate.
   Int:       It affects your intelligence (+2).
   rPois:     It protects you from poison.
   rN:        It protects you from negative energy.
Wands
 d - a wand of polymorph (17)
 y - a wand of flame (55)
 H - a wand of iceblast (17)
 J - a wand of paralysis (7)
 X - a wand of charming (4)
Scrolls
 h - a scroll of fear
 j - a scroll of silence
 s - 3 scrolls of fog
 t - 6 scrolls of teleportation
 v - a scroll of summoning
 F - 2 scrolls of holy word
 I - 2 scrolls of blinking
 K - 2 scrolls of magic mapping
 L - a scroll of torment
 Q - a scroll of enchant armour
Potions
 f - 2 potions of resistance
 p - a potion of berserk rage
 u - 7 potions of flight
 x - 3 potions of brilliance
 G - 3 potions of curing
 M - a potion of invisibility {unknown}
 N - 2 potions of ambrosia
 O - 3 potions of lignification
 P - 2 potions of might
 S - 2 potions of cancellation
 T - 2 potions of magic
 U - a potion of haste {unknown}
 V - a potion of mutation
Miscellaneous
 q - a condenser vane


   Skills:
 - Level 4.0 Fighting
 * Level 17.5 Axes
 + Level 10.8 Armour
 - Level 8.1 Stealth
 + Level 5.7 Spellcasting
 - Level 8.2 Conjurations
 - Level 4.0 Hexes
 - Level 4.0 Necromancy
 - Level 3.0 Transmutations
 * Level 13.7 Fire Magic
 + Level 7.6 Poison Magic
 * Level 4.9 Invocations


You had 5 spell levels left.
You knew the following spells:

 Your Spells              Type           Power      Damage    Failure   Level
a - Scorch                Fire           100%       2d10      1%          2
b - Olgreb's Toxic Radia  Pois           38%        N/A       4%          4
c - Corpse Rot            Necr/Air       28%        N/A       7%          2
d - Sticky Flame          Conj/Fire      51%        2d7       1%          4
e - Conjure Flame         Conj/Fire      51%        6-21      1%          3
f - Irradiate             Conj/Tmut      14%        3d18      28%         5

Your spell library contained the following spells:

 Spells                   Type           Power      Damage    Failure   Level
 Sting                    Tmut/Pois      100%       1d8       1%          1
 Ignite Poison            Fire/Tmut/Pois 40%        N/A       1%          3
 Inner Flame              Hex/Fire       43%        N/A       1%          3
 Poisonous Vapours        Pois/Air       44%        N/A       3%          2
 Tukima's Dance           Hex            22%        N/A       6%          3
 Cause Fear               Hex            11%        N/A       19%         4
 Lightning Bolt           Conj/Air       11%        1d24      45%         5
 Yara's Violent Unravell  Hex/Tmut       10%        3d6       54%         5
 Blade Hands              Tmut           9%         N/A       63%         5
 Airstrike                Air            3%         N/A       69%         4
 Passage of Golubria      Tloc           6%         N/A       69%         4
 Summon Lightning Spire   Summ/Air       6%         N/A       69%         4
 Dragon Form              Tmut           9%         N/A       100%        7
 Discord                  Hex            11%        N/A       100%        8


Dungeon Overview and Level Annotations

Branches:
Dungeon (12/15)            Temple (1/1) D:5            Lair (6/6) D:11
 Shoals (0/4) Lair:3        Snake (0/4) Lair:2        Slime (0/5) Lair:6
    Orc (2/2) D:11            Elf (0/3) Orc:2         Sewer (visited)
 Bailey (visited)           IceCv (visited)

Altars:
Ashenzari
Cheibriados
Dithmenos
Elyvilon
Fedhas
Gozag
Hepliaklqana
Kikubaaqudgha
Makhleb
Nemelex Xobeh
Okawaru
Qazlal
Ru
Sif Muna
Trog
Uskayaw
Vehumet
Wu Jian
Xom
Yredelemnul
Zin
The Shining One
Beogh
Jiyva

Shops:
D:7 (   D:11 *   Orc:2 *[(=

Annotations:
D:8 1 runed translucent door
Lair:1 exclusions: door and 1 more exclusion
Lair:4 exclusion: oklob plant
Lair:5 exclusions: door and 2 oklob plants
Lair:6 1 runed translucent door


Message History

Confirm with . or Enter, or press ? or * to list all spells.
Flames lash the skeletal warrior.
The skeletal warrior is lightly damaged.
The skeletal warrior's fire resistance burns away.
The skeletal warrior hits you with a +0 short sword!
* * * LOW HITPOINT WARNING * * *
Casting: Scorch (safe; 1% risk of failure)
Confirm with . or Enter, or press ? or * to list all spells.
Aiming: Sticky Flame (mildly dangerous; 1% risk of failure)
Press: ? - help, Shift-Dir - straight line, f - skeletal warrior
Aim: a skeletal warrior, wielding a +0 short sword (lightly damaged, more vulnerable to fire, 100% to hit)
The sticky flame hits the skeletal warrior.
The skeletal warrior is burned terribly!
The skeletal warrior is lightly damaged.
The skeletal warrior is covered in liquid flames!
The skeletal warrior burns!
The skeletal warrior misses you.
The skeletal warrior burns!
The skeletal warrior burns!
The skeletal warrior stops burning.
The skeletal warrior is no longer more vulnerable to fire.
Casting: Sticky Flame (mildly dangerous; 1% risk of failure)
Confirm with . or Enter, or press ? or * to list all spells.
Aiming: Sticky Flame (mildly dangerous; 1% risk of failure)
Press: ? - help, Shift-Dir - straight line, f/p - skeletal warrior
Aim: a skeletal warrior, wielding a +0 short sword (moderately damaged, 100% to hit)
The sticky flame hits the skeletal warrior but does no damage.
The skeletal warrior is moderately damaged.
The skeletal warrior is covered in liquid flames!
The skeletal warrior burns!
The skeletal warrior hits you with a +0 short sword!
* * * LOW HITPOINT WARNING * * *
The skeletal warrior burns!
The skeletal warrior burns!
The skeletal warrior burns!
The skeletal warrior stops burning.
You hit the skeletal warrior but do no damage.
The skeletal warrior is heavily damaged.
The skeletal warrior hits you with a +0 short sword!!
* * * LOW HITPOINT WARNING * * *
You feel better.
The skeletal warrior hits you with a +0 short sword!!
You die...

# #......# #.
#......#
#.#>.##......###
......).........
#.)....#
#......#
#.(....# #
.##......###.#
..........z@..#
.....###########
#.### .


You could see a skeletal warrior.

Vanquished Creatures
  Gastronok (Lair:1)
  Kirke (Lair:3)
  An orc warlord (Bailey)
  A quicksilver ooze (IceCv)
  An ettin (D:11)
  Josephine (Lair:5)
  A fire dragon (Lair:6)
  10 hydras
  4 ogre magi (Orc:2)
  Fannar (Lair:1)
  15 two-headed ogres
  2 catoblepae
  A skeletal warrior (D:13)
  A lindwurm (Lair:6)
  An orc sorcerer (Orc:2)
  3 orc knights
  An ugly thing (D:12)
  2 cyclopes
  A manticore (D:12)
  5 black mambas
  Maurice (D:8)
  2 ice statues (IceCv)
  10 cane toads
  3 torpor snails
  3 molten gargoyles (Lair:6)
  A rime drake (Lair:6)
  4 yaktaurs (D:12)
  A kobold demonologist (D:12)
  13 komodo dragons
  2 entropy weaver simulacra (IceCv)
  2 trolls (Orc:2)
  A polar bear (Lair:4)
  Prince Ribbit (D:5)
  13 slime creatures (IceCv)
  13 blink frogs
  4 dream sheep (Lair:4)
  6 wyverns
  7 wraiths
  11 fire elementals
  5 basilisks
  75 yaks
  6 hogs
  3 steam dragons
  6 vampire mosquitoes (D:11)
  4 wargs
  5 demonic crawler simulacra (IceCv)
  4 hell hounds (Lair:6)
  2 nagas (Lair:2)
  Duvessa (D:5)
  18 water moccasins
  An ice beast (D:5)
  17 orc warriors
  3 ugly thing simulacra (IceCv)
  A black bear (D:7)
  A sky beast (D:7)
  26 ogres
  A necrophage (D:7)
  6 wolves
  11 centaurs
  A phantom (D:4)
  4 kobold brigands
  Blork the orc (D:4)
  10 bullfrogs
  3 gnoll sergeants
  2 scorpions
  A glowing shapeshifter simulacrum (IceCv)
  A water moccasin zombie (D:6)
  Dowan (D:5)
  4 killer bees (D:10)
  7 wights
  3 electric eels
  5 howler monkeys
  5 lava snakes (Lair:6)
  A centaur zombie (D:4)
  A bullfrog zombie (D:5)
  A jelly (D:4)
  3 hounds (D:6)
  18 orc priests
  A bullfrog skeleton (D:5)
  5 iguanas
  20 orc wizards
  A hound zombie (D:5)
  2 hound skeletons
  A mummy (D:9)
  27 gnolls
  A howler monkey skeleton (D:4)
  13 adders
  3 river rats (Sewer)
  2 shadow imps
  13 white imps
  6 worms
  A dart slug (D:3)
  62 orcs
  14 ball pythons
  9 endoplasms
  9 giant cockroaches
  10 hobgoblins
  7 jackals
  27 kobolds
  6 quokkas
  11 bats
  5 frilled lizards
  9 goblins
  8 rats
693 creatures vanquished.

Vanquished Creatures (others)
  A wight (D:8)
  A bush (Lair:6)
  8 foxfires (D:2)
  41 fungi
  52 plants
103 creatures vanquished.

Grand Total: 796 creatures vanquished

Notes
Turn   | Place    | Note
-------+----------+-------------------------------------------
     0 | D:1      | fragbeetle the Hill Orc Cinder Acolyte began the quest for
                  | the Orb.
     0 | D:1      | Reached XP level 1. HP: 19/19 MP: 2/2
   177 | D:1      | Reached XP level 2. HP: 21/27 MP: 3/3
   502 | D:1      | Found a faded altar of an unknown god.
   924 | D:2      | Reached XP level 3. HP: 32/33 MP: 4/4
  1174 | D:2      | Learned a level 2 spell: Scorch
  1790 | D:2      | Reached XP level 4. HP: 29/40 MP: 6/6
  1944 | D:2      | Reached skill level 5 in Axes
  3436 | D:3      | Found a stormy altar of Qazlal.
  3493 | D:3      | Learned a level 3 spell: Inner Flame
  3555 | D:3      | Reached XP level 5. HP: 41/46 MP: 0/7
  4020 | D:3      | Reached skill level 1 in Hexes
  4435 | D:3      | Reached XP level 6. HP: 20/52 MP: 0/8
  4728 | D:3      | Reached skill level 6 in Axes
  5091 | D:4      | Reached skill level 5 in Fire Magic
  5101 | D:4      | Found a glowing drain.
  5239 | Sewer    | Entered a sewer
  6497 | D:4      | Reached XP level 7. HP: 57/59 MP: 10/10
  6579 | D:4      | Found a shimmering altar of Xom.
  6579 | D:4      | Found a shimmering altar of Xom.
  6583 | D:4      | Found a shimmering altar of Xom.
  6648 | D:4      | Reached skill level 7 in Axes
  6938 | D:4      | Found a sparkling altar of Nemelex Xobeh.
  7236 | D:4      | Noticed Blork the orc
  7241 | D:4      | Killed Blork the orc
  7314 | D:5      | Entered Level 5 of the Dungeon
  7519 | D:5      | Noticed Prince Ribbit
  7537 | D:5      | Killed Prince Ribbit
  7538 | D:5      | Reached skill level 1 in Armour
  7538 | D:5      | Reached XP level 8. HP: 57/66 MP: 1/12
  7558 | D:5      | Reached skill level 8 in Axes
  7641 | D:5      | Found a glowing silver altar of Zin.
  8432 | D:5      | Found a staircase to the Ecumenical Temple.
  8500 | D:5      | Noticed Duvessa
  8505 | D:5      | Noticed Dowan
  8516 | D:5      | Killed Duvessa
  8517 | D:5      | Killed Dowan
  8704 | D:6      | Reached skill level 9 in Axes
  8704 | D:6      | Reached XP level 9. HP: 70/71 MP: 13/13
  9051 | D:6      | Found a sacrificial altar of Ru.
  9624 | D:6      | Learned a level 2 spell: Corpse Rot
  9638 | D:7      | Found a broken altar of Ashenzari.
  9833 | D:7      | Reached skill level 5 in Armour
  9833 | D:7      | Reached skill level 1 in Necromancy
  9931 | D:7      | Found Kiatuprec's Antique Weapon Shop.
 10040 | D:7      | Reached skill level 10 in Axes
 10932 | D:8      | Reached XP level 10. HP: 39/78 MP: 12/14
 11148 | D:8      | Found a hazy altar of Hepliaklqana.
 11321 | D:8      | Learned a level 3 spell: Conjure Flame
 11326 | D:8      | Learned a level 4 spell: Sticky Flame
 11349 | D:8      | Noticed Maurice
 11358 | D:9      | Noticed a two-headed ogre
 11368 | D:9      | Found a radiant altar of Vehumet.
 11485 | D:9      | Killed a two-headed ogre
 11486 | D:9      | Reached skill level 11 in Axes
 11486 | D:9      | Reached skill level 1 in Conjurations
 12525 | D:9      | Found a snail-covered altar of Cheibriados.
 12708 | D:8      | Found a burning altar of Makhleb.
 12751 | D:8      | Found a runed translucent door.
 12913 | D:8      | Reached skill level 10 in Fire Magic
 13124 | Temple   | Entered the Ecumenical Temple
 13418 | D:8      | Killed Maurice
 13419 | D:8      | Reached skill level 12 in Axes
 13939 | D:9      | Reached XP level 11. HP: 84/84 MP: 4/15
 14319 | D:10     | Entered Level 10 of the Dungeon
 14320 | D:10     | Found an iron altar of Okawaru.
 14340 | D:10     | Found a glowing golden altar of the Shining One.
 14353 | D:10     | Found a hide-covered altar of Uskayaw.
 14733 | D:10     | Found a flagged portal.
 14742 | Bailey   | Entered a bailey
 14750 | Bailey   | Noticed an orc warlord
 14796 | Bailey   | Found the +10 dark maul {vorpal}
 15122 | Bailey   | Found a runed translucent gate.
 15123 | Bailey   | Found a runed translucent gate.
 15124 | Bailey   | Found a runed translucent gate.
 15338 | Bailey   | Killed an orc warlord
 15472 | Bailey   | Identified the ring "Ruhinecs" {Wiz rPois rN+ Int+2}
 15521 | D:10     | Acquired the +2 hat of Going Fast {Str-5 Dex+4 Stlth+}
 16149 | D:10     | Acquired 1102 gold pieces
 16216 | D:10     | Reached skill level 5 in Conjurations
 16402 | D:10     | Reached skill level 1 in Stealth
 16675 | D:11     | Found Doamelil's General Store.
 16681 | D:11     | Bought a scroll of identify for 34 gold pieces
 16681 | D:11     | Bought a scroll of identify for 34 gold pieces
 16681 | D:11     | Bought a scroll of teleportation for 51 gold pieces
 16681 | D:11     | Bought a potion of lignification for 51 gold pieces
 16681 | D:11     | Bought a potion of ambrosia for 136 gold pieces
 16720 | D:11     | Reached skill level 13 in Axes
 17033 | D:11     | Found a staircase to the Orcish Mines.
 17262 | D:11     | Found a staircase to the Lair.
 17756 | Lair:1   | Entered Level 1 of the Lair of Beasts
 17780 | Lair:1   | Learned a level 4 spell: Olgreb's Toxic Radiance
 17815 | Lair:1   | Noticed Fannar
 17825 | Lair:1   | Killed Fannar
 18093 | Lair:1   | Reached skill level 1 in Poison Magic
 18400 | Lair:1   | Reached XP level 12. HP: 90/91 MP: 9/16
 18479 | Lair:1   | Noticed Gastronok
 18503 | Lair:1   | Killed Gastronok
 18923 | Lair:1   | Noticed a six-headed hydra
 18934 | Lair:1   | Killed a four-headed hydra
 19414 | Lair:1   | Noticed a boulder beetle
 19798 | Lair:2   | Found a staircase to the Snake Pit.
 20001 | Lair:2   | Reached skill level 14 in Axes
 20013 | Lair:2   | Noticed a seven-headed hydra
 20025 | Lair:2   | HP: 2/91 [cane toad (15)]
 20026 | Lair:2   | Killed a one-headed hydra
 21002 | Lair:2   | Noticed a five-headed hydra
 21011 | Lair:2   | Killed a four-headed hydra
 21330 | Lair:3   | Found a staircase to the Shoals.
 21546 | Lair:3   | Noticed a six-headed hydra
 21621 | Lair:3   | Killed a three-headed hydra
 22498 | Lair:3   | Reached skill level 5 in Stealth
 22613 | Lair:4   | Reached XP level 13. HP: 96/96 MP: 18/18
 23121 | Lair:4   | Noticed Kirke
 23398 | Lair:4   | Found the +1 robe of Vines {NoPotionHeal Regen++++}
 24145 | Lair:3   | Killed Kirke
 24146 | Lair:3   | Reached skill level 5 in Poison Magic
 24464 | Lair:4   | Reached skill level 15 in Axes
 24879 | Lair:5   | Learned a level 5 spell: Irradiate
 24979 | Lair:5   | Noticed Josephine
 25151 | Lair:5   | Killed Josephine
 25519 | Lair:5   | Reached skill level 1 in Transmutations
 25645 | Lair:5   | Found a blossoming altar of Fedhas.
 26523 | Lair:6   | Entered Level 6 of the Lair of Beasts
 26853 | Lair:6   | Reached XP level 14. HP: 86/104 MP: 11/20
 26911 | Lair:6   | Found a frozen archway.
 27097 | IceCv    | Entered an ice cave
 27184 | IceCv    | Noticed a quicksilver ooze
 27190 | IceCv    | Killed a quicksilver ooze
 27517 | IceCv    | Got the ring of Zaen Heas {rElec rPois rC+ rN+ rCorr Str+4}
 28205 | IceCv    | Found a viscous altar of Jiyva.
 28205 | IceCv    | Noticed an azure jelly
 28212 | IceCv    | Noticed an azure jelly
 28216 | IceCv    | HP: 2/104 [azure jelly (17)]
 28958 | Lair:6   | Reached skill level 16 in Axes
 29723 | Lair:6   | Found a runed translucent door.
 29723 | Lair:6   | Found a viscous altar of Jiyva.
 29723 | Lair:6   | Found a staircase to the Slime Pits.
 29811 | Lair:6   | Reached skill level 10 in Armour
 30359 | Lair:6   | Found a large runed translucent door.
 30359 | Lair:6   | Found a large runed translucent door.
 30995 | Lair:6   | Reached skill level 5 in Spellcasting
 31066 | Lair:6   | Identified the +0 scale mail "Kianeepo" {Slay+3 SInv}
 31979 | D:12     | Identified the +8 trident of Ovevur {flame, Drain rPois
                  | Str+3}
 32183 | D:8      | Fell from the grace of Ignis
 32183 | D:8      | Became a worshipper of Makhleb the Destroyer
 32275 | Orc:1    | Entered Level 1 of the Orcish Mines
 33426 | Orc:2    | Entered Level 2 of the Orcish Mines
 33427 | Orc:2    | Reached * piety under Makhleb
 33437 | Orc:2    | Reached XP level 15. HP: 99/110 MP: 6/22
 33529 | Orc:2    | Found a staircase to the Elven Halls.
 34186 | Orc:2    | Reached skill level 1 in Invocations
 34772 | Orc:2    | Found a roughly hewn altar of Beogh.
 34958 | Orc:1    | Found a roughly hewn altar of Beogh.
 34994 | Orc:1    | You fall into a shaft and drop 1 floor!
 35172 | Orc:1    | Reached skill level 17 in Axes
 36061 | Orc:2    | Reached ** piety under Makhleb
 37276 | Orc:2    | Found Ijaxal's Antique Armour Emporium.
 37276 | Orc:2    | Found Afriv's Jewellery Shop.
 37276 | Orc:2    | Found Dololuf's General Store.
 37276 | Orc:2    | Found Baeroruu's Weapon Emporium.
 37601 | Orc:2    | Bought the ring "Doha" {Fly Int+3 Dex+2} for 490 gold
                  | pieces
 37761 | D:7      | Bought the +6 arbalest "Damnation" {damnation} for 2080
                  | gold pieces
 37761 | D:7      | Found the +6 arbalest "Damnation" {damnation}
 38092 | D:12     | You fall into a shaft and drop 1 floor!
 38144 | D:13     | HP: 5/110 [skeletal warrior[a skeletal warrior] (19)]
 38145 | D:13     | Mangled by a skeletal warrior

Illustrated notes

Levels and vault maps discovered:
D:1:      sevenhm_arrival_forest_fort_small_4, layout_rooms,
          ebering_ecumenical_altar_hall, minmay_unequal
D:2:      layout_basic, st_stairs_12
D:3:      layout_loops_ring, grunt_qazlal_sundering, grunt_ministairs_13
D:4:      layout_basic, xom_redecorated, nemelex_xobeh_ov_fountains_minmay,
          portal_sewer_entry_c, minmay_misc_feat_five, uniq_blork_the_orc
D:5:      layout_basic, mainiacjoe_overflow_small_starburst, temple_statues,
          feat_on_display, uniq_prince_ribbit1, uniq_duvessa
D:6:      layout_loops_ring, general_overflow_altar, serial_bayou_pond_c
D:7:      layout_basic, mainiacjoe_overflow_catwalk, serial_shops, shop
D:8:      gammafunk_indiana_jones, layout_loops_ring,
          mainiacjoe_overflow_alcove_1, nzn_hepliaklqana_mist_gate, uniq_maurice
D:9:      layout_cave_pools, nicolae_vehumet_altar_sigil, slow_altar_1
D:10:     layout_long_grid, overflow_temple_1_default,
          mainiacjoe_overflow_brackets, tso_oasis_becter, enter_bailey_8,
          minmay_hedge_maze
D:11:     layout_grid_maze, lair_entry_dummy, orc_0_dummy, serial_shops,
          nicolae_square_shop, minmay_misc_feat_iff
D:12:     layout_loops_ring, lightli_airlock
D:13:     layout_basic
Temple:   compressed_dpeg_triangle_lava_temple
Lair:1:   layout_roguey, hellmonk_guarded_unrand_seven_league_boots,
          uniq_fannar, uniq_gastronok
Lair:2:   layout_cave_pods, guppyfry_snake_entry_garden
Lair:3:   layout_small_grid, minmay_shoals_entry_centaurs, uniq_urug
Lair:4:   layout_regular_city, nicolae_quartered_pool_little, st_stairs_9,
          hellmonk_guarded_unrand_vines, serial_bayou_shore_b,
          lemuel_fruit_fields, infiniplex_staircase_pool_2, uniq_kirke
Lair:5:   pond_and_an_island_with_a_cottage, layout_gridlike,
          nicolae_lair_lil_pond, st_stairs_4, hangedman_tree_tricks,
          uniq_josephine
Lair:6:   cheibrodos_lair_end_hotspot, layout_regular_city, slime_altar_2,
          portal_ice_cave_entry_imps
Orc:1:    layout_caves, basic_altar
Orc:2:    st_orc_ogre_mass, layout_diamond_mine, mines2_david

Skill      XL: |  1  2  3  4  5  6  7  8  9 10 11 12 13 14 15 |
---------------+----------------------------------------------+-----
Fighting       | 4 |  4.0
Fire Magic     | 4 5 6 7 8 10 11 12 13 | 13.7
Axes           | 5 6 7 9 10 12 13 14 15 16 17 | 17.5
Hexes          | 1 2 3 4 |  4.0
Spellcasting   | 2 3 4 5 |  5.7
Armour         | 1 3 6 7 8 9 10 | 10.8
Necromancy     | 3 4 |  4.0
Conjurations   | 3 5 7 8 |  8.2
Stealth        | 3 5 6 8 |  8.1
Poison Magic   | 1 4 6 7 |  7.6
Transmutations | 1 3 |  3.0
Invocations    | 4 |  4.9

Action                   |  1- 3 |  4- 6 |  7- 9 | 10-12 | 13-15 || total
-------------------------+-------+-------+-------+-------+-------++-------
Melee: Hand axe          |   117 |   199 |       |    39 |    19 ||   374
       Mace              |       |     6 |     7 |       |       ||    13
       Battleaxe         |       |       |   193 |   315 |   706 ||  1214
       Punch             |       |       |       |       |     1 ||     1
 Fire: Arbalest          |       |       |       |       |     1 ||     1
Throw: Boomerang         |       |    10 |    16 |    38 |    57 ||   121
       Dart              |       |       |       |     2 |     1 ||     3
 Cast: Scorch            |     2 |    45 |    71 |    88 |   127 ||   333
       Conjure Flame     |       |       |       |    10 |       ||    10
       Sticky Flame      |       |       |       |    41 |    65 ||   106
       Corpse Rot        |       |       |       |     2 |     4 ||     6
       Olgreb's Toxic Ra |       |       |       |       |    35 ||    35
       Irradiate         |       |       |       |       |    11 ||    11
Invok: Foxfire Swarm     |     1 |       |       |       |       ||     1
       Fiery Armour      |       |     1 |     1 |     2 |       ||     4
Evoke: Wand              |       |       |     2 |    19 |    19 ||    40
  Use: Scroll            |       |       |       |    21 |    14 ||    35
       Potion            |       |       |       |     6 |     3 ||     9
 Stab: Sleeping          |       |       |       |     5 |     4 ||     9
Armor: Robe              |    39 |    17 |       |       |       ||    56
       Leather armour    |       |    43 |    21 |       |       ||    64
       Ring mail         |       |       |    46 |    12 |       ||    58
       Steam dragon scal |       |       |       |   171 |   311 ||   482
Dodge: Dodged            |    74 |   122 |   124 |   210 |   396 ||   926

Table legend: (Time is in decaauts)
 A = Elapsed time spent in this place.
 B = Non-inter-level travel time spent in this place.
 C = Inter-level travel time spent in this place.
 D = Time resting spent in this place.
 E = Time spent auto-exploring this place.
 F = Levels seen in this place.
 G = Mean time per level.
                   A        B        C        D        E       F      G
               +--------+--------+--------+--------+--------+-----+--------+
         Total |  38508 |  36931 |   1577 |  13500 |  13970 |  25 | 1540.3 |
       Dungeon |  17957 |  16983 |    974 |   4674 |   8927 |  13 | 1381.3 |
        Temple |    212 |    212 |      0 |     16 |    168 |   1 |  212.0 |
          Lair |  12487 |  11973 |    514 |   4694 |   3483 |   6 | 2081.2 |
  Orcish Mines |   4421 |   4334 |     87 |   2528 |    675 |   2 | 2210.5 |
         Sewer |   1283 |   1283 |      0 |    312 |    717 |   1 | 1283.0 |
        Bailey |    752 |    752 |      0 |    403 |      0 |   1 |  752.0 |
      Ice Cave |   1393 |   1393 |      0 |    873 |      0 |   1 | 1393.0 |
               +--------+--------+--------+--------+--------+-----+--------+

Top non-repeatable levels by time:
  Lair:6: 3566 daAuts
   Orc:2: 2483 daAuts
     D:2: 2427 daAuts
    D:11: 2249 daAuts
   Orc:1: 1938 daAuts
  Lair:1: 1904 daAuts
  Lair:3: 1868 daAuts
  Lair:2: 1865 daAuts
     D:9: 1797 daAuts
  Lair:5: 1764 daAuts
    D:10: 1637 daAuts
  Lair:4: 1517 daAuts
     D:7: 1479 daAuts
     D:4: 1454 daAuts
     D:3: 1399 daAuts
